 Dungeon Crawl Stone Soup version 0.31-a0-180-g519b7de00c (webtiles) character file.

Game seed: 3820424166679105364

91 qw the Shooter (level 4, -3/40 HPs)
             Began as a Naga Hunter on June 20, 2023.
             Slain by Grinder (5 damage)
             ... while paralysed by Grinder
             ... on level 3 of the Dungeon.
             The game lasted 00:00:32 (1573 turns).

qw the Shooter (Naga Hunter)                        Turns: 1573, Time: 00:00:33

Health: -3/40      AC:  2    Str: 13    XL:     4   Next: 59%
Magic:  4/4        EV:  1    Int:  9    God:
Gold:   43         SH:  0    Dex: 17    Spells: 3/3 levels left

rFire   . . .        Y - +0 shortbow
rCold   + . .        (shield currently unavailable)
rNeg    . . .        c - +0 leather armour
rPois   +            (no helmet)
rElec   .            (no cloak)
rCorr   .            (no gloves)
SInv    +            (no barding)
Will    .....        (no amulet)
Stlth   ++           h - ring of protection from cold
HPRegen 0.26/turn    (no ring)
MPRegen 0.09/turn

%: no passive effects
@: paralysed, very slow
A: AC +1, large, see invisible, deformed body, poison resistance, slowness 2,
spit poison 1, naga tail 1
a: Spit Poison


You were on level 3 of the Dungeon.
You visited 1 branch of the dungeon, and saw 3 of its levels.

You collected 122 gold pieces.
You spent 79 gold pieces at shops.


Innate Abilities, Weirdness & Mutations

Your serpentine skin is tough. (AC +1)
You have supernaturally acute eyesight. (SInv)
Armour fits poorly on your strangely shaped body.
Your system is resistant to poisons. (rPois)
You cover ground very slowly.
You can spit poison.
You have a snake-like lower body.


   Skills:
 + Level 2.7 Fighting
 - Level 5.0 Ranged Weapons
 - Level 1.5 Dodging
 - Level 1.5 Stealth


You had 3 spell levels left.
You didn't know any spells.
Your spell library was empty.

Inventory:

Hand Weapons
 Y - a +0 shortbow (weapon)
Armour
 c - a +0 leather armour (worn)
Jewellery
 h - a ring of protection from cold (left hand)
Scrolls
 b - a scroll of identify
 j - 2 scrolls of amnesia {unknown}
Potions
 a - a potion of mutation
 e - a potion of haste {unknown}
 f - 4 potions of curing
 g - a potion of might {unknown}
 i - a potion of degeneration {unknown}

Dungeon Overview and Level Annotations

Branches:
Dungeon (3/15)

Altars:

Shops:
D:2 ![!?

Annotations:
D:3 Grinder


Message History

You shoot an arrow. The arrow hits the goblin.
You kill the goblin!
You start resting.
You have got your breath back.
Grinder is nearby!
You shoot an arrow.
The arrow hits Grinder but does no damage.
Grinder says, "There's only one good use for a tongue: cutting it out."
You shoot an arrow. The arrow hits Grinder.
Grinder is lightly wounded.
You hear a bark!
A jackal comes into view.
Grinder hits you.
You writhe in agony.
You shoot an arrow. The arrow barely misses Grinder.
Grinder barely misses you.
You shoot an arrow. The arrow barely misses Grinder.
The arrow hits the jackal.
The jackal is lightly wounded.
You hear an angry hiss.
A ball python comes into view.
Grinder hits you.
You writhe in agony.
1568 ||| DRINKING potion of heal wounds.
You feel much better. Grinder hits you.
You shoot an arrow. The arrow barely misses Grinder.
The arrow closely misses the jackal.
Grinder hits you!
You writhe in agony.
You shoot an arrow. The arrow hits Grinder.
Grinder is lightly wounded.
Grinder hits you.
You shoot an arrow.
The arrow hits Grinder but does no damage.
Grinder is lightly wounded.
Grinder closely misses you.
You shoot an arrow.
The arrow hits Grinder but does no damage.
Grinder is lightly wounded.
Grinder gestures at you.
You suddenly lose the ability to move!
Grinder hits you.
You writhe in agony.
Grinder hits you.
You die... .# .. .. #. ###. #hS

#5### #######
#@#.# #.....#
#.%.#
#..[..#####.#
#........##.#
#........##.#
#(..........#
#........####
####.....#
###########.....#


You could see Grinder, a jackal and a ball python.

Vanquished Creatures
  Ijyb (D:3)
  2 adders
  A worm (D:2)
  5 dart slugs
  An orc (D:3)
  2 ball pythons
  3 bats
  3 endoplasms
  A giant cockroach (D:1)
  6 goblins
  2 hobgoblins
  A jackal (D:3)
  A quokka (D:1)
  5 kobolds
  2 rats
36 creatures vanquished.

Notes
Turn   | Place    | Note
-------+----------+-------------------------------------------
     0 | D:1      | qw the Naga Hunter began the quest for the Orb.
     0 | D:1      | Reached XP level 1. HP: 19/19 MP: 1/1
     0 | D:1      | 0 ||| qw: Version: 0.3-a-9-g12657ce
     0 | D:1      | 0 ||| qw: Game counter: 1148
     0 | D:1      | 0 ||| qw: Always use a shield: true
     0 | D:1      | 0 ||| qw: God list: Okawaru
     0 | D:1      | 0 ||| qw: Allow faded altars: false
     0 | D:1      | 0 ||| qw: Do Orc after D:15 true
     0 | D:1      | 0 ||| qw: Do second Lair branch before Depths: true
     0 | D:1      | 0 ||| qw: Lair rune preference: random
     0 | D:1      | 0 ||| qw: Plans: Normal
     0 | D:1      | 0 ||| PLANNING D:1-11
    67 | D:1      | 67 ||| INVOKING Spit Poison.
    70 | D:1      | 70 ||| INVOKING Spit Poison.
    89 | D:1      | 89 ||| INVOKING Spit Poison.
   145 | D:1      | 145 ||| INVOKING Spit Poison.
   152 | D:1      | 152 ||| INVOKING Spit Poison.
   173 | D:1      | 173 ||| INVOKING Spit Poison.
   174 | D:1      | 174 ||| INVOKING Spit Poison.
   175 | D:1      | Reached skill level 4 in Ranged Weapons
   175 | D:1      | Reached XP level 2. HP: 26/26 MP: 2/2
   180 | D:1      | 180 ||| INVOKING Spit Poison.
   262 | D:1      | 262 ||| INVOKING Spit Poison.
   300 | D:1      | 300 ||| INVOKING Spit Poison.
   342 | D:1      | 342 ||| FLEEEEING.
   343 | D:1      | 343 ||| FLEEEEING.
   344 | D:1      | 344 ||| FLEEEEING.
   347 | D:1      | 347 ||| INVOKING Spit Poison.
   381 | D:1      | 381 ||| INVOKING Spit Poison.
   382 | D:1      | 382 ||| INVOKING Spit Poison.
   411 | D:1      | 411 ||| INVOKING Spit Poison.
   536 | D:1      | 536 ||| INVOKING Spit Poison.
   571 | D:1      | 571 ||| INVOKING Spit Poison.
   883 | D:1      | 883 ||| INVOKING Spit Poison.
   897 | D:1      | Reached XP level 3. HP: 32/32 MP: 3/3
  1000 | D:1      | 1000 ||| UPGRADING to ring of protection from cold.
  1001 | D:1      | 1001 ||| READING scroll labelled ZAOHI GOCISAE.
  1002 | D:1      | 1002 ||| READING scroll labelled ASKANA CIRROI.
  1003 | D:1      | 1003 ||| DROPPING scroll of butterflies.
  1057 | D:2      | Found Roj Bablohoe's Distillery.
  1058 | D:2      | 1058 ||| INVOKING Spit Poison.
  1065 | D:2      | 1065 ||| INVOKING Spit Poison.
  1069 | D:2      | 1069 ||| INVOKING Spit Poison.
  1073 | D:2      | 1073 ||| INVOKING Spit Poison.
  1109 | D:2      | 1109 ||| BUYING potion of curing (39 gold).
  1109 | D:2      | Bought a potion of curing for 39 gold pieces
  1109 | D:2      | 1109 ||| SHOPLISTING potion of enlightenment (65 gold, have
                  | 33).
  1109 | D:2      | 1109 ||| SHOPLISTING potion of haste (130 gold, have 33).
  1109 | D:2      | 1109 ||| SHOPLISTING potion of heal wounds (65 gold, have
                  | 33).
  1109 | D:2      | 1109 ||| SHOPLISTING potion of mutation (104 gold, have
                  | 33).
  1143 | D:2      | 1143 ||| INVOKING Spit Poison.
  1149 | D:2      | Found Sagefoim's Magic Scroll Boutique.
  1160 | D:2      | 1160 ||| SHOPLISTING scroll of enchant weapon (75 gold,
                  | have 49).
  1160 | D:2      | 1160 ||| BUYING scroll of identify (20 gold).
  1160 | D:2      | Bought a scroll of identify for 20 gold pieces
  1160 | D:2      | 1160 ||| BUYING scroll of identify (20 gold).
  1160 | D:2      | Bought a scroll of identify for 20 gold pieces
  1188 | D:2      | 1188 ||| INVOKING Spit Poison.
  1232 | D:2      | Found Qylutong's Distillery.
  1249 | D:2      | 1249 ||| SHOPLISTING potion of curing (33 gold, have 28).
  1249 | D:2      | 1249 ||| SHOPLISTING potion of heal wounds (55 gold, have
                  | 28).
  1249 | D:2      | 1249 ||| SHOPLISTING potion of might (44 gold, have 28).
  1249 | D:2      | 1249 ||| SHOPLISTING potion of resistance (110 gold, have
                  | 28).
  1258 | D:2      | Found Vofaopus's Antique Armour Shoppe.
  1259 | D:2      | 1259 ||| INVOKING Spit Poison.
  1263 | D:2      | 1263 ||| INVOKING Spit Poison.
  1276 | D:2      | 1276 ||| SHOPLISTING cloak (94 gold, have 28).
  1276 | D:2      | 1276 ||| SHOPLISTING dull robe (119 gold, have 28).
  1276 | D:2      | 1276 ||| SHOPLISTING runed ring mail (147 gold, have 28).
  1324 | D:2      | 1324 ||| INVOKING Spit Poison.
  1337 | D:2      | 1337 ||| INVOKING Spit Poison.
  1338 | D:2      | 1338 ||| INVOKING Spit Poison.
  1341 | D:2      | 1341 ||| INVOKING Spit Poison.
  1457 | D:2      | 1457 ||| READING 3 scrolls of identify.
  1457 | D:2      | 1457 ||| IDENTIFYING viscous cyan potion
  1458 | D:2      | 1458 ||| READING 2 scrolls of identify.
  1458 | D:2      | 1458 ||| IDENTIFYING pink potion
  1491 | D:3      | 1491 ||| INVOKING Spit Poison.
  1495 | D:3      | Reached skill level 5 in Ranged Weapons
  1495 | D:3      | Reached XP level 4. HP: 38/39 MP: 4/4
  1525 | D:3      | Identified the +4 chain mail "Aruolocvut" {Stlth+}
  1538 | D:3      | 1538 ||| INVOKING Spit Poison.
  1541 | D:3      | Noticed Ijyb
  1543 | D:3      | 1543 ||| INVOKING Spit Poison.
  1546 | D:3      | Paralysed by Ijyb for 3 turns
  1547 | D:3      | Noticed Grinder
  1549 | D:3      | 1549 ||| INVOKING Spit Poison.
  1550 | D:3      | Paralysed by Ijyb for 4 turns
  1551 | D:3      | Killed Ijyb
  1555 | D:3      | 1555 ||| INVOKING Spit Poison.
  1558 | D:3      | 1558 ||| INVOKING Spit Poison.
  1567 | D:3      | HP: 8/40 [Grinder (3)]
  1567 | D:3      | HP: 3/40 [Grinder (5)]
  1568 | D:3      | 1568 ||| DRINKING potion of heal wounds.
  1572 | D:3      | Paralysed by Grinder for 2 turns
  1572 | D:3      | HP: 6/40 [Grinder (1)]
  1572 | D:3      | HP: 2/40 [Grinder (4)]
  1573 | D:3      | Slain by Grinder

Levels and vault maps discovered:
D:1:      minmay_arrival_semitransparent, layout_basic,
          dreamdust_princess_bridge, minmay_hedge_maze, item_on_display_a
D:2:      layout_basic, serial_shops, shop_fountains, shop_statue,
          nicolae_shop_rolling_square, shop_fountains
D:3:      layout_basic, nicolae_hepliaklqana_hazy_memory,
          nicolae_ru_awakened_eye, uniq_ijyb, uniq_grinder

Skill      XL: |  1  2  3 |
---------------+----------+-----
Ranged Weapons | 4 5 |  5.0
Fighting       | |  2.7
Dodging        | |  1.5
Stealth        | |  1.5

Action                     |  1- 3 |  4- 6 || total
---------------------------+-------+-------++-------
   Fire: Shortbow          |    60 |    20 ||    80
Ability: Spit Poison       |    27 |     5 ||    32
    Use: Scroll            |     4 |       ||     4
         Potion            |       |     1 ||     1
 Armour: Leather armour    |     5 |     6 ||    11
  Dodge: Dodged            |     9 |    13 ||    22

Table legend:
 A = Non-vault XP
 B = Vault XP
 C = Vault XP percentage of total XP
 D = Non-vault monster count
 E = Vault monster count
 F = Vault count percentage of total count
                 A         B        C        D         E       F
            +---------+---------+-------+---------+---------+-------
      Total |      95 |      36 |  27.5 |      35 |       1 |   2.8
            +---------+---------+-------+---------+---------+-------
        D:1 |      37 |       0 |   0.0 |      17 |       0 |   0.0
        D:2 |      36 |       0 |   0.0 |      12 |       0 |   0.0
        D:3 |      22 |      36 |  62.1 |       6 |       1 |  14.3
            +---------+---------+-------+---------+---------+-------
